 Dungeon Crawl Stone Soup version 0.30.0-29-ga12c61a403 (webtiles) character file.

Game seed: 13518498178775086829

254 H0rd4k the Charlatan (level 6, 0/44 HPs)
             Began as a Human Artificer on June 13, 2023.
             Slain by a river rat (7 damage)
             ... on level 4 of the Dungeon.
             The game lasted 00:04:16 (2924 turns).

H0rd4k the Charlatan (Human Artificer)              Turns: 2924, Time: 00:04:16

Health: 0/44       AC:  3    Str: 13    XL:     6   Next: 37%
Magic:  6/6        EV: 12    Int: 19    God:
Gold:   87         SH:  0    Dex: 13    Spells: 5/5 levels left

rFire   . . .        n - +0 mace
rCold   . . .        (no shield)
rNeg    . . .        b - +0 leather armour
rPois   .            (no helmet)
rElec   .            (no cloak)
rCorr   +            (no gloves)
SInv    .            (no boots)
Will    .....        j - amulet of the acrobat
Stlth   +            f - ring of resist corrosion
HPRegen 0.27/turn    s - +6 ring of intelligence
MPRegen 0.10/turn

%: acrobat
@: very slow
A: no striking features
a: no special abilities


You were on level 4 of the Dungeon.
You visited 1 branch of the dungeon, and saw 4 of its levels.

You collected 87 gold pieces.

Inventory:

Hand Weapons
 n - a +0 mace (weapon)
Missiles
 w - 6 curare-tipped darts
 B - 6 poisoned darts
Armour
 b - a +0 leather armour (worn)
Magical Staves
 q - a staff of cold
 r - a staff of poison
 F - a staff of fire
Jewellery
 f - a ring of resist corrosion (left hand)
 j - an amulet of the acrobat (around neck)
 s - a +6 ring of intelligence (right hand)
 z - a ring of wizardry
 G - a ring of willpower
Wands
 c - a wand of flame (4) (quivered)
 d - a wand of charming (3)
 e - a wand of iceblast (5)
Scrolls
 a - 2 scrolls of identify {unknown}
 h - 2 scrolls of teleportation {unknown}
 k - 4 scrolls of enchant armour {unknown}
 m - 2 scrolls of fear {unknown}
 t - 2 scrolls of magic mapping {unknown}
 u - a scroll of enchant weapon {unknown}
 v - 2 scrolls of acquirement {unknown}
 x - a scroll of fog {unknown}
 y - a scroll of poison {unknown}
 C - a scroll of amnesia {unknown}
Potions
 g - 2 potions of curing {unknown}
 i - a potion of lignification {unknown}
 l - 3 potions of attraction {unknown}
 o - a potion of might {unknown}
 p - a potion of brilliance {unknown}
 A - a potion of heal wounds {unknown}
 D - a potion of resistance
 E - a potion of flight {unknown}


   Skills:
 + Level 2.3 Fighting
 + Level 3.0 Maces & Flails
 + Level 3.1 Armour
 + Level 2.1 Dodging
 + Level 1.9 Stealth
 + Level 3.8 Evocations


You had 5 spell levels left.
You didn't know any spells.
Your spell library contained the following spells:

 Spells                   Type           Power      Damage    Failure   Level
 Blink                    Tloc           0%         N/A       36%         2
 Frozen Ramparts          Ice            0%         1d1       61%         3
 Ice Form                 Ice/Tmut       0%         N/A       95%         4
 Manifold Assault         Tloc           0%         N/A       95%         4
 Summon Ice Beast         Ice/Summ       0%         N/A       95%         4
 Storm Form               Tmut/Air       0%         N/A       100%        7


Dungeon Overview and Level Annotations

Branches:
Dungeon (4/15)
 Temple: D:4-7

Altars:
Cheibriados
Trog
The Shining One

Annotations:
D:3 1 runed translucent door, exclusion: door, Crazy Yiuf


Message History

The puff of flame hits the adder!
The adder is severely wounded.
The adder is engulfed in a cloud of scalding steam.
You kill the adder!
Aiming: Throw Flame
Press: ? - help, Q - select action, (/) - cycle Shift-Dir - straight line, f - worm
Aim: a worm (steam, heavily wounded, ally target, 90% to hit)
The puff of flame misses the worm.
Unknown command.
You are engulfed in a cloud of scalding steam.
* * * LOW HITPOINT WARNING * * *
The worm misses you.
Your unstable footing causes you to fumble your attack.
The worm bites you.
* * * LOW HITPOINT WARNING * * *
You hit the worm.
The worm is severely wounded.
The worm barely misses you.
Your unstable footing causes you to fumble your attack.
The worm bites you.
* * * LOW HITPOINT WARNING * * *
Your river rat bites the worm!
The worm completely misses you.
Your unstable footing causes you to fumble your attack.
Your river rat bites the worm.
The worm dies!
A rat comes into view.
A river rat and a rat come into view.
You hear a splash. x2
You hear the quick rusting of a drain.
The rat misses you. x2
The rat attacks as you move away! The rat bites you.
* * * LOW HITPOINT WARNING * * *
The rat completely misses you. The rat attacks as you move away!
The rat misses you.
A rat comes into view.
The rat twitches its whiskers.
You sock the rat!
You kill the rat!
The river rat bites you!
You die...

#.............#####..##
#.#..#######.## #...## #
#....######### #.### ##
#....#r~~#~~ #.# ##.
#...~#o#~#~# ##### ##..
#...~#~#~#r#~~~~# #..#
#..~~~~#~~r~~# #######.##
#...~#~#r#########...†.....
#...~~~#~r@~~r~~##>.......#
##...#~#######~###.....####
#..~~~# #....## #...~~#
###### #######


You could see a river rat and 2 rats.

Vanquished Creatures
  A scorpion (D:4)
  6 adders
  A river rat (D:4)
  2 worms
  3 dart slugs
  2 ball pythons
  4 bats
  2 endoplasms (D:1)
  A giant cockroach (D:1)
  7 goblins
  5 hobgoblins
  3 jackals (D:2)
  2 frilled lizards (D:1)
  3 kobolds (D:3)
  6 rats
48 creatures vanquished.

Vanquished Creatures (collateral kills)
  A scorpion (D:4)
  2 adders (D:4)
  A river rat (D:4)
  A worm (D:4)
  2 hobgoblins (D:3)
  A kobold (D:4)
8 creatures vanquished.

Vanquished Creatures (others)
  An adder (D:4)
  An orc (D:4)
2 creatures vanquished.

Grand Total: 58 creatures vanquished

Notes
Turn   | Place    | Note
-------+----------+-------------------------------------------
     0 | D:1      | H0rd4k the Human Artificer began the quest for the Orb.
     0 | D:1      | Reached XP level 1. HP: 15/15 MP: 1/1
   260 | D:1      | Reached XP level 2. HP: 21/21 MP: 2/2
  1007 | D:2      | Reached XP level 3. HP: 26/26 MP: 3/3
  1600 | D:3      | Found a snail-covered altar of Cheibriados.
  1653 | D:3      | Reached skill level 1 in Maces & Flails
  1814 | D:3      | Reached XP level 4. HP: 16/33 MP: 4/4
  2185 | D:3      | Found a runed translucent door.
  2186 | D:3      | Noticed Crazy Yiuf
  2249 | D:3      | Found a glowing golden altar of the Shining One.
  2702 | D:4      | Noticed a black bear
  2712 | D:4      | Reached XP level 5. HP: 35/38 MP: 5/5
  2821 | D:4      | Reached XP level 6. HP: 35/44 MP: 6/6
  2836 | D:4      | Found a bloodstained altar of Trog.
  2924 | D:4      | Slain by a river rat

Illustrated notes

Levels and vault maps discovered:
D:1:      dpeg_arrival_three_smaller_balls, layout_basic, minmay_misc_feat_iff
D:2:      layout_loops_ring
D:3:      layout_loops_cross, tso_altar, cheibriados_altar_2,
          wad_floor_pattern_1, uniq_crazy_yiuf_cottage
D:4:      layout_rooms, mainiacjoe_overflow_catwalk,
          nicolae_elyvilon_temple_path, lightli_sewer_entry_pipes

Skill      XL: |  1  2  3  4  5  6 |
---------------+-------------------+-----
Maces & Flails | 1 2 3 |  3.0
Fighting       | 2 |  2.3
Armour         | 3 |  3.1
Dodging        | 2 |  2.1
Stealth        | |  1.9
Evocations     | |  3.8

Action                     |  1- 3 |  4- 6 || total
---------------------------+-------+-------++-------
  Melee: Club              |    64 |       ||    64
         Mace              |    63 |    76 ||   139
         Punch             |     2 |       ||     2
  Evoke: Wand              |       |    23 ||    23
   Stab: Sleeping          |     1 |     1 ||     2
 Armour: Leather armour    |    40 |    15 ||    55
  Dodge: Dodged            |   107 |    89 ||   196
